 Dungeon Crawl Stone Soup version 0.31.0-2-g5a2aebc5c2 (webtiles) character file.

Game seed: 8931461946132803111

463 Aviak the Ruffian (level 7, -1/55 HPs)
             Began as a Barachi Shapeshifter on Jan 20, 2024.
             Slain by a black bear (11 damage)
             ... on level 5 of the Dungeon.
             The game lasted 00:03:57 (3774 turns).

Aviak the Ruffian (Barachi Shapeshifter)            Turns: 3774, Time: 00:03:57

Health: -1/55      AC:  5    Str: 18    XL:     7   Next: 7%
Magic:  7/7        EV: 12    Int: 10    God:
Gold:   302        SH:  0    Dex: 11    Spells: 6/6 levels left

rFire   . .          .
                       - Unarmed
rCold   . . .        (no shield)
rNeg    . . .        r - +0 ring mail
rPois   .            (helmet currently unavailable)
rElec   .            (cloak currently unavailable)
rCorr   .            (gloves currently unavailable)
SInv    .            (boots currently unavailable)
Will    .....        (no amulet)
Stlth   +            (no ring)
HPRegen 0.29/turn    (no ring)
MPRegen 0.10/turn

%: no passive effects
@: beast-form, slow
A: beast (slay +2), amphibious, slowness 1, strong legs 1, +LOS
a: Hop, Begin Untransformation


You were on level 5 of the Dungeon.
You were a hulking beast.
You visited 1 branch of the dungeon, and saw 5 of its levels.

You collected 392 gold pieces.
You spent 90 gold pieces at shops.

Inventory:

Missiles
 i - a throwing net {!f}
Armour
 h - a scarf of resistance
 k - a +0 pair of gloves
 r - a +0 ring mail (worn)
Talismans
 d - a flux talisman
 n - a beast talisman (active)
Scrolls
 a - a scroll of fog {unknown}
 g - 2 scrolls of enchant weapon {unknown}
 l - 7 scrolls of identify {unknown}
 m - a scroll of poison {unknown}
 o - a scroll of enchant armour {unknown}
 p - 2 scrolls of butterflies {unknown}
 q - a scroll of brand weapon {unknown}
 v - a scroll of revelation {unknown}
 w - a scroll of acquirement {unknown}
 x - a scroll of noise {unknown}
Potions
 b - a potion of haste {unknown}
 c - 2 potions of curing
 e - a potion of mutation {unknown}
 f - 2 potions of magic {unknown}
 j - a potion of might {unknown}
 s - a potion of attraction {unknown}
 t - a potion of heal wounds {unknown}
 u - a potion of enlightenment {unknown}


   Skills:
 + Level 4.3 Fighting
 + Level 4.4 Dodging
 + Level 5.0 Unarmed Combat
 + Level 4.8 Shapeshifting


You had 6 spell levels left.
You didn't know any spells.
Your spell library contained the following spells:

 Spells                   Type           Power      Damage    Failure   Level
 Kiss of Death            Conj/Necr      0%         2d5       56%         1
 Confusing Touch          Hex            0%         N/A       90%         3
 Dazzling Flash           Conj/Hex       0%         N/A       90%         3
 Mephitic Cloud           Conj/Alch/Air  0%         N/A       90%         3
 Dispel Undead            Necr           0%         3d6       100%        4
 Curse of Agony           Necr           0%         N/A       100%        5
 Silence                  Hex/Air        0%         N/A       100%        5


Dungeon Overview and Level Annotations

Branches:
Dungeon (5/15)
 Temple: D:4-7

Altars:
Uskayaw

Shops:
D:2 !


Innate Abilities, Weirdness & Mutations

You are a hulking beast.
Your limbs bulge with bestial killing power. (Slay +2)
You are amphibious.
You cover ground slowly.
You can hop short distances.
You have an extended range of vision and can be seen from far away.


Message History

You barely miss the black bear.
The black bear is moderately wounded.
The black bear bites you. The black bear closely misses you.
The black bear claws you but does no damage.
You barely miss the black bear.
The black bear is moderately wounded.
The black bear bites you but does no damage.
The black bear misses you. The black bear claws you.
You barely miss the black bear.
The black bear is moderately wounded.
You closely miss the black bear.
The black bear is moderately wounded.
The black bear bites you. The black bear misses you. x2
You hit the black bear.
The black bear is heavily wounded.
The black bear bites you but does no damage.
The black bear claws you. The black bear barely misses you.
You closely miss the black bear.
The black bear is heavily wounded.
The black bear bites you.
The black bear claws you but does no damage.
The black bear closely misses you.
You punch the black bear!
The black bear is severely wounded.
The black bear completely misses you.
The black bear claws you but does no damage.
The black bear barely misses you.
You barely miss the black bear.
The black bear is severely wounded.
The black bear goes berserk!
You hit the black bear.
The black bear is severely wounded.
The black bear misses you. x2; The black bear claws you.
You barely miss the black bear.
The black bear is severely wounded.
The black bear bites you!
* * * LOW HITPOINT WARNING * * *
The black bear closely misses you. The black bear barely misses you.
The black bear bites you!
You die...

..#..###.####.# ## .....#
##.... .# .##.## ##.#.#
.# .##+####.##.#.# .#
......... #.#.## .#
#.....## #.#..# .#
.......## #.#..##.#
........###.......##.###.
........'.......hh.......
........##.#...###.......
.......###.##..# .#####
#.....## #.##...) #
##...## #.##.##.# ##+##
#.##.# .# #<##.# # #.....
####


You could see a black bear (berserk).

Vanquished Creatures
  Grinder (D:4)
  A hound (D:5)
  An iguana (D:4)
  3 orc wizards
  6 adders
  A white imp (D:5)
  3 ribbon worms
  3 dart slugs
  8 orcs
  6 ball pythons
  8 bats
  6 endoplasms
  2 giant cockroaches
  6 hobgoblins
  2 quokkas
  A frilled lizard (D:2)
  4 goblins
  5 kobolds
  6 rats
73 creatures vanquished.

Notes
Turn   | Place    | Note
-------+----------+-------------------------------------------
     0 | D:1      | Aviak the Barachi Shapeshifter began the quest for the Orb.
     0 | D:1      | Reached XP level 1. HP: 15/15 MP: 1/1
   247 | D:1      | Reached XP level 2. HP: 12/21 MP: 2/2
  1117 | D:2      | Reached XP level 3. HP: 17/27 MP: 3/3
  1175 | D:2      | Found Holany's Distillery.
  1185 | D:2      | Bought a potion of curing for 30 gold pieces
  1185 | D:2      | Bought a potion of curing for 30 gold pieces
  1185 | D:2      | Bought a potion of curing for 30 gold pieces
  1893 | D:3      | Reached XP level 4. HP: 22/34 MP: 4/4
  1979 | D:3      | Reached skill level 4 in Unarmed Combat
  1988 | D:3      | Reached XP level 5. HP: 30/40 MP: 5/5
  3098 | D:4      | Noticed Grinder
  3123 | D:4      | Killed Grinder
  3124 | D:4      | Reached XP level 6. HP: 20/48 MP: 6/6
  3288 | D:4      | Noticed a +0 falchion
  3288 | D:4      | Noticed a +0 falchion
  3288 | D:4      | Noticed a +0 short sword
  3303 | D:4      | Noticed a +0 spear
  3303 | D:4      | Noticed a +0 short sword
  3303 | D:4      | Noticed a +0 dagger
  3305 | D:4      | Noticed a +0 dagger
  3309 | D:4      | Noticed a +0 spear
  3312 | D:4      | Found a hide-covered altar of Uskayaw.
  3533 | D:5      | Entered Level 5 of the Dungeon
  3582 | D:5      | Reached skill level 5 in Unarmed Combat
  3585 | D:5      | Reached XP level 7. HP: 48/54 MP: 7/7
  3774 | D:5      | Slain by a black bear

Illustrated notes

Levels and vault maps discovered:
D:1:      onia_arrival_mini_maze, layout_loops_corners
D:2:      layout_loops_ring, serial_shops, shop
D:3:      layout_loops_ring, serial_rivers, chequers_serial_rivers_small_a,
          chequers_serial_rivers_micro_b, chequers_serial_rivers_small_3,
          chequers_serial_rivers_small_3, kennysheep_generic_room_2
D:4:      layout_loops_ring, nicolae_uskayaw_en_pointe, uniq_grinder
D:5:      layout_loops_corners, minitemple

Skill      XL: |  1  2  3  4  5  6 |
---------------+-------------------+-----
Fighting       | 2 4 |  4.3
Dodging        | 3 4 |  4.4
Unarmed Combat | 4 5 |  5.0
Shapeshifting  | 4 |  4.8

Action                     |  1- 3 |  4- 6 |  7- 9 || total
---------------------------+-------+-------+-------++-------
  Melee: Unarmed           |    89 |   112 |    22 ||   223
         Punch             |     1 |     2 |       ||     3
    Use: Potion            |       |     2 |       ||     2
   Stab: Sleeping          |     1 |       |       ||     1
 Armour: Animal skin       |    56 |     5 |       ||    61
         Skin              |       |     8 |       ||     8
         Ring mail         |       |    30 |    23 ||    53
  Dodge: Dodged            |    44 |    51 |    23 ||   118
   Form: Beast             |     1 |       |       ||     1
